 Dungeon Crawl Stone Soup version 0.25-a0-44-g29a1220a87 (webtiles) character file.

Game seed: 15637359114845581981, levelgen mode: deterministic

583146 Hwayugi the Warrior (level 27, -15/269 HPs)
             Began as an Octopode Fighter on Oct 23, 2019.
             Was the Champion of Dithmenos.
             Killed from afar by a green draconian scorcher (33 damage)
             ... with damnation
             ... on level 4 of the Realm of Zot on Oct 25, 2019.
             The game lasted 06:02:38 (61593 turns).

Hwayugi the Warrior (Octopode Fighter)             Turns: 61593, Time: 06:02:38

Health: -15/269    AC: 35    Str: 32    XL:     27
Magic:  5/61       EV: 29    Int: 22    God:    Dithmenos [******]
Gold:   4583       SH: 23    Dex: 31    Spells: 1/58 levels left

rFire    + . .     SeeInvis +   a - +8 trident of the Octopus King {venom, rElec rPois MR+}
rCold    + . .     Gourm    .   J - +5 shield {AC+3}
rNeg     + + +     Faith    .   K - +2 hat "Doshrio Usig" {MR+ Int+2 Dex+4}
rPois    ∞         Spirit   .   U - +2 amulet of reflection
rElec    +         Reflect  +   B - ring "Mairirij" {rN++ MP+9 Str+4 Dex+5}
rCorr    .         Harm     .   k - +3 ring of slaying
MR       +++++                  u - ring of the Mage {Wiz MR++ Int+3}
Stlth    ++++++++..             A - ring of the Two Names {rF+ rC+ MR+ Str+2 Stlth-}
HPRegen  1.54/turn              M - ring "Alyperup" {MP+9 Str+6 Int+4}
MPRegen  0.37/turn              X - ring of see invisible
                                r - +3 ring of protection
                                T - +5 ring of dexterity

@: statue-form, very slightly contaminated, regenerating, wreathed by umbra,
drained, very slow
A: almost no armour, stealthy swim, amphibious, 8 rings, constrict 8, antennae
1, beak, rugged brown scales 1, camouflage 1, wild magic 1, MP-powered wands
}: 3/15 runes: decaying, serpentine, silver
a: End Transformation, Shadow Step, Shadow Form, Renounce Religion


You were on level 4 of the Realm of Zot.
You worshipped Dithmenos.
Dithmenos was exalted by your worship.
You were very hungry.
You were a stone statue.
You visited 10 branches of the dungeon, and saw 51 of its levels.
You also visited: Sewer and Gauntlet.

You collected 7468 gold pieces.
You spent 2885 gold pieces at shops.

Inventory:

Hand Weapons
 a - the +8 trident of the Octopus King (weapon) {venom, rElec rPois MR+}
   (You took it off a minotaur in a Gauntlet)

   It poisons the flesh of those it strikes.
   It insulates you from electricity.
   It protects you from poison.
   It affects your resistance to hostile enchantments.
 b - a +6 rapier of electrocution
Missiles
 C - 5 silver javelins
 F - 6 javelins (quivered)
 G - 8 curare-tipped darts
 H - 20 atropa-tipped darts
Armour
 J - a +5 shield of protection (worn)
 K - the +2 hat "Doshrio Usig" (worn) {MR+ Int+2 Dex+4}
   (You found it in a Gauntlet)

   It affects your intelligence (+2).
   It affects your dexterity (+4).
   It affects your resistance to hostile enchantments.
Jewellery
 k - a +3 ring of slaying (right tentacle)
 r - a +3 ring of protection (on tentacle)
 s - an uncursed ring of resist corrosion
 u - the ring of the Mage (on tentacle) {Wiz MR++ Int+3}
   (You took it off a deep elf death mage on level 3 of the Elven Halls)

   [ring of wizardry]

   It improves your spell success rate.
   It affects your intelligence (+3).
   It affects your resistance to hostile enchantments.
 w - an uncursed ring of ice
 y - an uncursed ring of protection from fire
 A - the ring of the Two Names (on tentacle) {rF+ rC+ MR+ Str+2 Stlth-}
   (You took it off a minotaur in a Gauntlet)

   [ring of attention]

   It affects your strength (+2).
   It protects you from fire.
   It protects you from cold.
   It affects your resistance to hostile enchantments.
   It makes you less stealthy.
 B - the ring "Mairirij" (left tentacle) {rN++ MP+9 Str+4 Dex+5}
   (You took it off a deep elf high priest on level 3 of the Elven Halls)

   [ring of strength]

   It affects your strength (+4).
   It affects your dexterity (+5).
   It greatly protects you from negative energy.
   It affects your magic capacity (+9).
 M - the ring "Alyperup" (on tentacle) {MP+9 Str+6 Int+4}
   (You found it on level 5 of the Vaults)

   [ring of magical power]

   It affects your strength (+6).
   It affects your intelligence (+4).
   It affects your magic capacity (+9).
 T - a +5 ring of dexterity (on tentacle)
 U - a +2 amulet of reflection (around mantle)
 X - a ring of see invisible (on tentacle)
Wands
 e - a wand of clouds (12)
 I - a wand of acid (21)
 R - a wand of digging (18)
 W - a wand of iceblast (34)
Scrolls
 h - 24 scrolls of remove curse
 m - 5 scrolls of immolation
 q - 6 scrolls of magic mapping
 t - 8 scrolls of fog
 z - 5 scrolls of fear
 D - 28 scrolls of teleportation
 E - 4 scrolls of blinking
 O - 19 scrolls of identify
 Q - a scroll of brand weapon
 S - 2 scrolls of summoning
Potions
 c - 5 potions of might
 i - 6 potions of resistance
 j - 22 potions of curing
 l - 4 potions of flight
 n - 6 potions of heal wounds
 o - 5 potions of brilliance
 x - 7 potions of ambrosia
 L - 5 potions of mutation
 N - 5 potions of magic
 P - 7 potions of agility
 V - 8 potions of haste
 Z - 4 potions of cancellation
Miscellaneous
 f - a lamp of fire
 p - a phantom mirror
 v - 3 boxes of beasts
Comestibles
 d - 57 rations


   Skills:
 + Level 19.9(18.6) Fighting
 - Level 10.4(9.4) Short Blades
   Level 0.1(8.3) Axes
 - Level 14.0(12.9) Polearms
 - Level 8.3(7.4) Throwing
 - Level 15.2(14.1) Dodging
 - Level 8.2(7.3) Stealth
 - Level 15.0(13.8) Shields
 - Level 16.0(14.8) Spellcasting
 - Level 15.1(14.0) Conjurations
 - Level 8.0(7.0) Charms
 - Level 12.5(11.4) Summonings
 - Level 4.2(3.4) Necromancy
 - Level 10.2(9.2) Transmutations
 - Level 6.0(5.1) Fire Magic
 - Level 4.0(3.1) Air Magic
 - Level 10.0(9.0) Earth Magic
 - Level 10.3(9.3) Invocations
 - Level 1.0(0.2) Evocations


You had one spell level left.
You knew the following spells:

 Your Spells              Type           Power        Failure   Level  Hunger
a - Blink                 Tloc           N/A          4%          2    None
b - Bolt of Magma         Conj/Fire/Erth ######....   1%          5    ###....
c - Statue Form           Tmut/Erth      ######...    9%          6    #####..
d - Orb of Destruction    Conj           #######...   6%          7    ######.
e - Irradiate             Conj/Tmut      ######....   1%          5    ###....
f - Regeneration          Chrm/Necr      ######....   1%          3    None
g - Borgnjor's Vile Clut  Necr/Erth      ######....   5%          5    ###....
h - Summon Lightning Spi  Summ/Air       ######..     1%          4    None
i - Spellforged Servitor  Conj/Summ      #######...   11%         7    ######.
j - Song of Slaying       Chrm           ######..     1%          2    None
k - Swiftness             Chrm/Air       ######..     1%          2    None
l - Portal Projectile     Hex/Tloc       ###...       8%          3    None
m - Iron Shot             Conj/Erth      ######....   4%          6    #####..

Your spell library contained the following spells:

 Spells                   Type           Power        Failure   Level  Hunger
 Animate Skeleton         Necr           N/A          1%          1    None
 Beastly Appendage        Tmut           ######       1%          1    None
 Flame Tongue             Conj/Fire      #####        1%          1    None
 Infusion                 Chrm           ####         1%          1    None
 Magic Dart               Conj           ####         1%          1    None
 Pain                     Necr           ####         1%          1    None
 Shock                    Conj/Air       ####         1%          1    None
 Summon Butterflies       Summ           ######..     1%          1    None
 Summon Small Mammal      Summ           ####         1%          1    None
 Apportation              Tloc           ###...       2%          1    None
 Confusing Touch          Hex            ###...       2%          1    None
 Corona                   Hex            ###....      2%          1    None
 Call Imp                 Summ           ######..     1%          2    None
 Corpse Rot               Necr           N/A          1%          2    None
 Shroud of Golubria       Chrm/Tloc      #####.       1%          2    None
 Sticks to Snakes         Tmut           ######..     1%          2    None
 Throw Flame              Conj/Fire      ######       1%          2    None
 Call Canine Familiar     Summ           ######..     1%          3    None
 Conjure Flame            Conj/Fire      ######..     1%          3    None
 Dazzling Spray           Conj/Hex       ######       1%          3    None
 Mephitic Cloud           Conj/Pois/Air  ######..     1%          3    None
 Spider Form              Tmut/Pois      #####.....   1%          3    None
 Static Discharge         Conj/Air       ######..     1%          3    None
 Stone Arrow              Conj/Erth      ######       1%          3    None
 Summon Guardian Golem    Hex/Summ       ######..     1%          3    None
 Force Lance              Conj/Tloc      ######..     1%          4    None
 Petrify                  Tmut/Erth      ######..     1%          4    None
 Sticky Flame             Conj/Fire      ######..     1%          4    None
 Blade Hands              Tmut           ######....   1%          5    ###....
 Fireball                 Conj/Fire      ######....   1%          5    ###....
 Iskenderun's Battlesphe  Conj/Chrm      ######..     1%          5    ###....
 Inner Flame              Hex/Fire       #####...     2%          3    None
 Spectral Weapon          Hex/Chrm       #####...     2%          3    None
 Vampiric Draining        Necr           #####.....   2%          3    None
 Summon Ice Beast         Ice/Summ       ######..     2%          4    None
 Lightning Bolt           Conj/Air       ######....   2%          5    ###....
 Ensorcelled Hibernation  Hex/Ice        ###...       4%          2    None
 Slow                     Hex            ###.....     4%          2    None
 Ice Form                 Ice/Tmut       #####...     4%          4    None
 Leda's Liquefaction      Hex/Erth       #####.....   4%          4    None
 Venom Bolt               Conj/Pois      ######....   4%          5    ###....
 Animate Dead             Necr           N/A          6%          4    None
 Summon Mana Viper        Hex/Summ       ######..     6%          5    ###....
 Airstrike                Air            #####.....   7%          4    None
 Confuse                  Hex            ###.....     8%          3    None
 Gell's Gravitas          Tloc           ###.......   8%          3    None
 Lesser Beckoning         Tloc           ###.......   8%          3    None
 Teleport Other           Tloc           ###.....     8%          3    None
 Tukima's Dance           Hex            ###.....     8%          3    None
 Hydra Form               Tmut           ######....   9%          6    #####..
 Yara's Violent Unravell  Hex/Tmut       #####.....   11%         5    ###....
 Agony                    Necr           #####...     16%         5    ###....
 Dispel Undead            Necr           #####...     16%         5    ###....
 Summon Hydra             Summ           ######....   17%         7    ######.
 Passage of Golubria      Tloc           N/A          21%         4    None
 Dragon Form              Tmut           ######....   38%         7    ######.
 Metabolic Englaciation   Hex/Ice        ###.......   47%         5    ###....
 Death Channel            Necr           #####.....   58%         6    #####..
 Ring of Flames           Chrm/Fire      ######....   77%         7    ######.
 Simulacrum               Ice/Necr       ####......   80%         6    #####..
 Dispersal                Tloc           ###.......   95%         6    #####..
 Controlled Blink         Tloc           N/A          100%        8    #######
 Disjunction              Tloc           ###.......   100%        8    #######
 Necromutation            Tmut/Necr      ######....   100%        8    #######
 Shatter                  Erth           ######....   100%        9    #######


Dungeon Overview and Level Annotations

Branches:
Dungeon (15/15)            Temple (0/1) D:6            Lair (6/6) D:9
  Swamp (4/4) Lair:3        Snake (4/4) Lair:2        Slime (0/5) Lair:5
    Orc (2/2) D:12            Elf (3/3) Orc:2        Vaults (5/5) D:14
  Crypt (3/3) Vaults:3       Tomb (0/3) Crypt:3      Depths (5/5) D:15
    Zot (4/5) Depths:5      Sewer (visited)         Gauntlet (visited)

Altars:
Ashenzari
Dithmenos
Hepliaklqana
Kikubaaqudgha
Makhleb
Ru
Trog
Vehumet
Xom
Beogh

Shops:
D:6 :   D:8 [   D:11 !   Orc:2 *[[}   Elf:1 ?   Elf:2 ?   Depths:5 :

Portals:
Hell: Depths:1 Depths:2 Depths:3 Depths:4 Depths:5
Abyss: Depths:2 Depths:4
Pandemonium: Depths:1 Depths:3
Ziggurat: Depths:1

Annotations:
D:3 3 runed translucent doors, AarnesTheHuman's ghost, amateur OgFE
D:4 exclusion: downstairs
D:5 exclusion: downstairs
D:9 exclusion: orange crystal statue
D:10 1 runed translucent door, casual's ghost, journeyman DsFi
D:12 exclusion: downstairs
D:15 2 transporters, Doofuf's ghost, journeyman DsWn
Lair:1 1 runed translucent door, skk's ghost, journeyman GrFi
Lair:4 exclusion: 2 downstairs
Lair:5 exclusion: downstairs
Lair:6 1 runed translucent door, ThereIsNoGod's ghost, journeyman OpFi
Swamp:2 2 transporters, exclusion: downstairs, Seten Zuar's ghost, journeyman GrBe
Swamp:3 exclusion: downstairs
Elf:2 exclusion: 4 doors
Crypt:1 Khufu


Innate Abilities, Weirdness & Mutations

You cannot wear most types of armour.
You are very stealthy in the water. (Stealth+)
You are amphibious.
You can wear up to eight rings at the same time.
You can use your tentacles to constrict eight enemies at once.
Your skin changes colour to match your surroundings (Stealth+).
((Your rubbery body absorbs attacks. (AC +1, EV +1)))
You have a pair of small antennae on your head.
You have a beak for a mouth.
(You are partially covered in rugged brown scales. (AC +1, +3% HP))
Your spells are a little harder to cast, but a little more powerful.
You expend magic power (3 MP) to strengthen your wands.


Message History

Your spellforged servitor resists.
The fireball engulfs you! You resist.
* * * LOW HITPOINT WARNING * * *
Your spellforged servitor gestures at the green draconian scorcher while chanting.
The iron shot hits the green draconian scorcher!!!
The yellow draconian struggles to escape constriction.
You hear a chilling moan.
All of the chunks of flesh in your inventory have rotted away.
Casting: Borgnjor's Vile Clutch (safe; 5% risk of failure)
Confirm with . or Enter, or press ? or * to list all spells.
Aiming: Summon Lightning Spire (safe; 1% risk of failure)
Press: ? - help, Dir - move target cursor, p - yellow draconian An electric hum fills the air.
The zombie hands constrict the yellow draconian.
The zombie hands constrict the green draconian scorcher!!
The green draconian scorcher points at your spellforged servitor and mumbles some strange words.
The sphere of damnation explodes!
The damnation engulfs your spellforged servitor!!
The damnation engulfs you!!
You die...

**,,,,,*** *,* **,,,,*
*,,,,...###.# **,,,,,**
**..........# *##,,,,,,,**
*....,.....###.,,,,,,,,,**
*#..#**.......,,,**,,,,,,**
#..# **.....******,,,,*,,,
###.## **...#* **,,,***,,
###....## *#..# *,,,** **,
####.......# #8.# *,,,* *,
...........## ##8## **,,**
*, .......###..##
##°8####...* ** .......#
##..###§qd.......** *
.......# #...#§§......##.,*
* .......#
##...§§§....##*,,******
.......# ##........##
**,,,,,,, .......#
#........# *,,,,,,,
.......#* #.......##
*,,,,,,,


You could see a yellow draconian, a green draconian scorcher, a friendly
spellforged servitor and a friendly lightning spire.

Vanquished Creatures
  Mara (Swamp:4)
  An ancient lich (Crypt:3)
  A juggernaut (Depths:5)
  Sojobo (Crypt:3)
  A greater mummy (Crypt:1)
  Frederick (Depths:4)
  Margery (Depths:3)
  Saint Roka (Crypt:1)
  4 golden dragons
  Jory (Depths:3)
  3 bone dragons
  Nikola (Swamp:4)
  2 liches (Crypt:3)
  An electric golem (Zot:1)
  A shard shrike zombie (Crypt:1)
  6 tentacled monstrosities
  2 titans (Vaults:5)
  2 deep elf blademasters (Elf:3)
  2 acid blobs (Depths:3)
  A deep elf master archer (Elf:3)
  4 quicksilver dragons
  A sphinx (Vaults:2)
  A death cob (Zot:2)
  5 ancient champions
  2 storm dragons
  5 thorn hunters
  5 tengu reavers
  3 shadow dragons
  6 nagarajas
  A revenant (Crypt:1)
  2 draconian monks (Depths:5)
  An azure jelly (shapeshifter) (Vaults:5)
  8 fire giants
  5 frost giants
  15 vault wardens
  4 draconian scorchers
  An iron dragon (Vaults:5)
  3 deep elf sorcerers (Elf:3)
  Aizul (Elf:1)
  5 ghouls
  A draconian knight (Zot:3)
  3 draconian annihilators
  3 curse skulls
  A war gargoyle (Vaults:5)
  7 deep elf elementalists
  A reaper (Crypt:2)
  14 ironheart preservers
  2 draconian stormcallers
  16 stone giants
  16 very ugly things
  An entropy weaver (Vaults:4)
  6 deep elf demonologists
  7 vampire knights
  3 red draconians
  A black draconian (Zot:1)
  3 green draconians
  2 yellow draconians
  3 white draconians
  6 deep elf annihilators
  5 purple draconians
  11 deep elf death magi
  A minotaur (Gauntlet)
  3 spark wasps (Depths:2)
  4 eidola
  A crystal guardian (Vaults:4)
  16 ettins
  8 fire dragons
  A blizzard demon (Depths:1)
  14 yaktaur captains
  7 jiangshi
  5 rakshasas
  5 deep elf high priests
  A quicksilver dragon skeleton (Crypt:3)
  32 vault guards
  8 great orbs of eyes
  5 ice dragons
  16 naga warriors
  24 hydras
  A merfolk avatar (Lair:6)
  A ghost crab (Swamp:1)
  4 spriggan air magi
  7 death knights
  4 shambling mangroves
  38 two-headed ogres
  18 anacondas
  12 centaur warriors
  10 ogre magi
  19 dancing weapons
  7 deep troll shamans
  14 alligators
  4 hell hogs (Depths:5)
  8 deep troll earth magi
  3 tengu warriors
  4 spriggan berserkers
  8 vampire magi
  5 orc high priests (Orc:2)
  5 naga sharpshooters
  8 shock serpents
  2 hell knights (Depths:3)
  A storm dragon zombie (Crypt:3)
  A soul eater (Vaults:3)
  23 deep elf knights
  A sixfirhy (Depths:1)
  A titan skeleton (Crypt:3)
  2 shadow wraiths
  4 iron trolls
  38 skeletal warriors
  The ghost of casual the Shield-Bearer, a novice DsFi of Wu Jian (D:7)
  3 spriggan druids (Swamp:4)
  A death drake (shapeshifter) (Vaults:1)
  3 sea snakes (Snake:2)
  5 unseen horrors
  An iron giant zombie (Crypt:1)
  6 glowing orange brains
  5 large abominations (Elf:1)
  9 swamp dragons
  8 salamander mystics
  22 deep trolls
  21 deep elf archers
  6 naga ritualists
  3 wizards
  2 golden dragon skeletons (Crypt:3)
  A swamp dragon (shapeshifter) (Vaults:3)
  7 flayed ghosts
  13 ironbrand convokers
  4 anaconda skeletons (Crypt:3)
  4 lindwurms (Snake:4)
  12 phantasmal warriors
  A shadow dragon zombie (Crypt:2)
  19 orc knights
  4 harpies
  3 harpies (shapeshifter)
  5 orc sorcerers
  An orb spider (shapeshifter) (Depths:2)
  A wolf spider zombie (Gauntlet)
  12 mana vipers
  4 wolf spiders
  53 deep elf magi
  29 ugly things
  8 cyclopes
  4 oklob plants
  7 necromancers
  2 frost giant skeletons (Crypt:3)
  2 manticores (Lair:6)
  16 salamanders
  13 vault sentinels
  4 elephants (Lair:6)
  10 guardian serpents
  A manticore (shapeshifter) (Vaults:5)
  25 black mambas
  A centaur zombie (Gauntlet)
  5 moths of wrath
  4 centaur skeletons
  A black mamba (shapeshifter) (Vaults:4)
  2 rust devils
  2 orange demons (Depths:3)
  16 spiny frogs
  20 naga magi
  2 spiny frogs (shapeshifter)
  5 kobold demonologists
  A torpor snail (Lair:4)
  3 rime drakes
  A shock serpent skeleton (Crypt:3)
  A rime drake (shapeshifter) (Vaults:4)
  A komodo dragon (shapeshifter) (D:15)
  7 komodo dragons
  A minotaur zombie (Crypt:3)
  7 freezing wraiths
  49 yaktaurs
  A hellwing (Depths:3)
  A tormentor (Depths:3)
  4 efreet
  4 tengu conjurers
  An anaconda simulacrum (Crypt:2)
  4 guardian mummies (Crypt:3)
  2 harpy zombies (Crypt:2)
  A polar bear (shapeshifter) (Vaults:4)
  A polar bear (Lair:6)
  2 red devils
  2 queen bees (shapeshifter)
  21 hornets
  A meliai (shapeshifter) (Vaults:4)
  3 meliai (D:13)
  6 trolls
  4 wind drakes (Lair:6)
  A merfolk (shapeshifter) (Vaults:1)
  3 hydra skeletons (Crypt:3)
  5 tyrant leeches
  A moth of wrath zombie (Crypt:2)
  19 blink frogs
  13 hippogriffs
  2 dream sheep (D:8)
  11 bog bodies
  A hippogriff (shapeshifter) (Vaults:5)
  13 flying skulls (Crypt:3)
  29 slime creatures
  2 air elementals (Elf:2)
  A meliai zombie (D:13)
  5 shadows
  A redback (Vaults:4)
  An ettin skeleton (Crypt:3)
  2 vampires
  A spriggan (shapeshifter) (Vaults:5)
  2 ice dragon skeletons (Crypt:3)
  2 water elementals (Depths:1)
  8 spriggans
  2 fire bats (Depths:3)
  7 wraiths
  A black mamba skeleton (Crypt:1)
  17 wyverns
  46 yaks
  4 fire elementals
  A hungry ghost (D:12)
  A chaos spawn (Depths:1)
  7 basilisks
  A yak (shapeshifter) (Vaults:2)
  A faun zombie (Crypt:1)
  19 swamp worms
  A vampire mosquito (Snake:1)
  12 insubstantial wisps
  A soldier ant (shapeshifter) (Depths:3)
  4 wargs
  3 acid dragons
  An infernal demonspawn zombie (Crypt:2)
  A swamp worm (shapeshifter) (Vaults:5)
  46 nagas
  A soldier ant (D:10)
  An infernal demonspawn skeleton (Crypt:1)
  2 floating eyes
  6 water moccasins
  3 hell hounds (Depths:5)
  A torturous demonspawn skeleton (Crypt:2)
  8 porcupines
  39 orc warriors
  13 swamp drakes
  3 black bears
  A sky beast (shapeshifter) (Depths:3)
  A hornet zombie (Crypt:2)
  26 ogres
  3 sky beasts
  3 ettin simulacra (Depths:4)
  6 ice beasts
  3 phantoms
  16 boggarts
  2 necrophages (Crypt:3)
  23 wolves
  2 snapping turtle skeletons
  13 centaurs
  9 crocodiles
  An elf zombie (Elf:1)
  13 big kobolds
  15 bullfrogs
  A yaktaur skeleton (Crypt:3)
  3 earth elementals
  2 wyvern skeletons
  4 scorpions
  56 killer bees
  5 wights (D:15)
  2 electric eels
  2 howler monkeys
  6 small abominations
  2 yak skeletons
  A bullfrog zombie (D:13)
  13 crimson imps
  A quasit (D:10)
  5 hounds
  3 iron imps (Depths:3)
  39 orc priests
  7 jellies
  29 orc wizards
  2 bullfrog skeletons
  A human skeleton (Crypt:3)
  Ijyb (D:3)
  5 iguanas
  7 hell rats
  9 worker ants
  A big kobold skeleton (Crypt:2)
  A felid skeleton (Crypt:1)
  A hound zombie (D:9)
  8 mummies
  3 worker ant zombies
  11 adders
  6 shadow imps
  2 white imps (Depths:3)
  An ooze (D:3)
  An adder skeleton (D:4)
  2 adder zombies
  A halfling skeleton (Crypt:2)
  3 worms
  A barachi skeleton (Crypt:3)
  2 dart slugs (D:1)
  A leopard gecko (D:5)
  104 orcs
  10 giant cockroaches
  8 goblins
  10 hobgoblins
  19 jackals
  4 quokkas
  5 ball pythons
  11 bats
  6 frilled lizards
  A frilled lizard skeleton (Crypt:1)
  58 kobolds
  A leopard gecko skeleton (D:8)
  7 rats
  A rat skeleton (Crypt:1)
  A rat zombie (Crypt:1)
  3 crawling corpses
  A fungus (Lair:6)
  A plant (D:8)
2191 creatures vanquished.

Vanquished Creatures (collateral kills)
  A quicksilver dragon (Zot:4)
  Donald (Vaults:1)
  A storm dragon (Vaults:5)
  A nagaraja (Snake:4)
  3 fire giants
  2 frost giants
  A vault warden (Vaults:5)
  A draconian scorcher (Zot:4)
  A draconian shifter (Zot:4)
  An ironheart preserver (Vaults:5)
  A spriggan defender (Depths:2)
  A stone giant (Depths:4)
  2 very ugly things
  A deep elf demonologist (Depths:2)
  A vampire knight (Crypt:2)
  A red draconian (Zot:1)
  2 yaktaur captains
  4 vault guards
  A deep elf high priest (Depths:2)
  5 hydras (Swamp:4)
  2 ice dragons
  A shambling mangrove (Swamp:4)
  An anaconda (Snake:4)
  3 ogre magi
  A rakshasa (Depths:2)
  3 two-headed ogres
  6 skeletal warriors (Crypt:3)
  A salamander mystic (Snake:4)
  A hell knight (Depths:3)
  6 deep trolls
  2 swamp dragons (Swamp:4)
  3 deep elf archers
  2 naga ritualists (Snake:4)
  3 phantasmal warriors
  3 harpies (Vaults:2)
  An orc knight (Vaults:3)
  3 ironbrand convokers
  2 mana vipers (Snake:4)
  A wolf spider (shapeshifter) (Depths:2)
  A deep elf mage (Depths:2)
  A salamander (Depths:3)
  An ugly thing (Vaults:2)
  2 black mambas (Snake:4)
  2 naga magi (Snake:4)
  3 vault sentinels
  5 yaktaurs
  A jumping spider (shapeshifter) (Depths:1)
  2 hornets (Swamp:4)
  A flying skull (Crypt:3)
  A wraith (Vaults:2)
  A fire bat (Depths:3)
  A warg (Vaults:2)
  A swamp drake (Swamp:4)
  4 orc warriors
  A necrophage (Crypt:2)
  5 ogres
  A boggart (Depths:2)
  2 centaurs (Vaults:1)
  2 orc priests (D:11)
  3 orc wizards
  A mummy (Crypt:3)
  A howler monkey skeleton (Crypt:3)
  9 orcs
  A crawling corpse (Depths:2)
130 creatures vanquished.

Vanquished Creatures (others)
  A juggernaut (Depths:2)
  A deep elf master archer (Elf:3)
  A tengu reaver (Crypt:3)
  A death cob (Zot:3)
  An iron dragon (Depths:2)
  A spriggan defender (Depths:2)
  4 stone giants
  A deep elf demonologist (Depths:2)
  3 yaktaur captains
  A centaur warrior (Depths:3)
  3 naga sharpshooters
  An orc knight (Orc:2)
  A cyclops (Vaults:2)
  A deep elf mage (Depths:2)
  A naga mage (Snake:2)
  15 yaktaurs
  A rime drake (Lair:5)
  A blink frog (shapeshifter) (Depths:2)
  A water elemental (Elf:3)
  A naga (Snake:4)
  A porcupine (Lair:5)
  An orc warrior (Orc:2)
  A boggart (Depths:1)
  An ogre (Crypt:1)
  7 centaurs
  An orc (Vaults:1)
  A crawling corpse (Depths:2)
  22 fungi
  24 plants
  3 withered plants (Gauntlet)
103 creatures vanquished.

Grand Total: 2424 creatures vanquished

Notes
Turn   | Place    | Note
-------+----------+-------------------------------------------
     0 | D:1      | Hwayugi the Octopode Fighter began the quest for the Orb.
     0 | D:1      | Reached XP level 1. HP: 16/16 MP: 1/1
   111 | D:1      | Reached XP level 2. HP: 21/21 MP: 2/2
   357 | D:1      | Reached XP level 3. HP: 26/26 MP: 3/3
   679 | D:2      | Reached skill level 1 in Stealth
   773 | D:2      | Reached XP level 4. HP: 28/31 MP: 4/4
   971 | D:2      | Found a sacrificial altar of Ru.
  1036 | D:3      | Found a shadowy altar of Dithmenos.
  1048 | D:3      | Became a worshipper of Dithmenos the Shadowed
  1155 | D:3      | Found a runed translucent gate.
  1157 | D:3      | Found a runed translucent gate.
  1158 | D:3      | Found a runed translucent gate.
  1165 | D:3      | Reached XP level 5. HP: 36/36 MP: 5/5
  1167 | D:3      | Noticed AarnesTheHuman's ghost (amateur OgFE)
  1323 | D:3      | Noticed Ijyb
  1340 | D:3      | Killed Ijyb
  1432 | D:3      | Reached * piety under Dithmenos
  1888 | D:4      | Reached skill level 4 in Fighting
  1888 | D:4      | Reached XP level 6. HP: 37/43 MP: 6/6
  2040 | D:4      | Noticed an ice beast
  2056 | D:4      | Killed an ice beast
  2202 | D:5      | Entered Level 5 of the Dungeon
  2221 | D:5      | Noticed a phantom
  2267 | D:5      | Killed a phantom
  2267 | D:5      | Reached skill level 5 in Polearms
  2267 | D:5      | Reached XP level 7. HP: 49/49 MP: 7/7
  2501 | D:5      | Learned a level 2 spell: Blink
  2505 | D:5      | Learned a level 3 spell: Conjure Flame
  2942 | D:6      | Gained mutation: Your mind is acute. (Int +2) [potion of
                  | mutation]
  2942 | D:6      | Gained mutation: You have a pair of small antennae on your
                  | head. [potion of mutation]
  2942 | D:6      | Gained mutation: You are partially covered in rugged brown
                  | scales. (AC +1, +3% HP) [potion of mutation]
  2942 | D:6      | Gained mutation: Your spells are a little harder to cast,
                  | but a little more powerful. [potion of mutation]
  3036 | D:6      | Reached skill level 5 in Fighting
  3036 | D:6      | Reached XP level 8. HP: 28/56 MP: 8/8
  3115 | D:6      | Found a glowing drain.
  3127 | Sewer    | Entered a sewer
  3191 | Sewer    | Reached ** piety under Dithmenos
  3433 | D:6      | Reached skill level 5 in Shields
  3511 | D:6      | Found Lats's Book Emporium.
  3802 | D:6      | HP: 2/56 [ice beast (6)]
  3836 | D:6      | Reached skill level 5 in Dodging
  4044 | D:6      | Found a staircase to the Ecumenical Temple.
  4442 | D:7      | Reached *** piety under Dithmenos
  4442 | D:7      | Reached XP level 9. HP: 45/62 MP: 9/9
  4572 | D:7      | Found a radiant altar of Vehumet.
  4633 | D:7      | Found a transporter.
  4713 | D:7      | Found a transporter.
  4716 | D:7      | Noticed a komodo dragon
  4717 | D:7      | Noticed casual's ghost (novice DsFi)
  4718 | D:7      | Noticed a moth of wrath
  4879 | D:7      | Found a shattered altar of Ashenzari.
  4884 | D:7      | Reached skill level 1 in Short Blades
  5039 | D:7      | Reached skill level 6 in Fighting
  5353 | D:8      | Found Nastruhu's Antique Armour Shop.
  5512 | D:8      | Reached **** piety under Dithmenos
  5754 | D:8      | Reached skill level 1 in Throwing
  5754 | D:8      | Reached XP level 10. HP: 64/70 MP: 10/10
  5774 | D:8      | Reached skill level 5 in Stealth
  5848 | D:8      | Noticed a two-headed hydra
  5858 | D:8      | Killed a one-headed hydra
  5943 | D:9      | Found a staircase to the Lair.
  6127 | D:9      | Paralysed by a hornet for 1 turns
  6316 | D:9      | Noticed an orange crystal statue
  6356 | D:9      | Noticed a cyclops
  6362 | D:9      | Killed a cyclops
  6362 | D:9      | Reached skill level 5 in Short Blades
  6547 | D:9      | Reached XP level 11. HP: 72/76 MP: 11/11
  6910 | D:10     | Entered Level 10 of the Dungeon
  6947 | D:10     | Lost mutation: Your mind is acute. (Int +2) [potion of
                  | mutation]
  6947 | D:10     | Gained mutation: You have a beak for a mouth. [potion of
                  | mutation]
  6947 | D:10     | Gained mutation: You expend magic power (3 MP) to
                  | strengthen your wands. [potion of mutation]
  6994 | D:10     | Found a runed translucent door.
  6994 | D:10     | Found a shimmering altar of Xom.
  6994 | D:10     | Noticed casual's ghost (journeyman DsFi)
  6998 | D:10     | Noticed a +1 rapier of chaos
  7011 | D:10     | Reached ***** piety under Dithmenos
  7450 | D:11     | Noticed a two-headed ogre
  7454 | D:11     | Killed a two-headed ogre
  7498 | D:11     | Found Goym Lye's Distillery.
  7589 | D:11     | Noticed an eight-headed hydra
  7598 | D:11     | Killed an eight-headed hydra
  7955 | D:12     | Found a staircase to the Orcish Mines.
  7965 | D:12     | Reached skill level 7 in Fighting
  8384 | D:12     | Reached skill level 5 in Throwing
  8777 | D:13     | Reached XP level 12. HP: 83/83 MP: 12/12
  8789 | D:13     | Reached ****** piety under Dithmenos
  8832 | D:13     | Found a gate leading to a gauntlet.
  9125 | Gauntlet | Entered a Gauntlet
  9125 | Gauntlet | Found a transporter.
  9133 | Gauntlet | Noticed a death ooze
  9138 | Gauntlet | Found a transporter.
  9149 | Gauntlet | Found a transporter.
  9154 | Gauntlet | Found a transporter.
  9169 | Gauntlet | Found a transporter.
  9188 | Gauntlet | Found a transporter.
  9189 | Gauntlet | Noticed a thrashing horror
  9189 | Gauntlet | Noticed a thrashing horror
  9200 | Gauntlet | Found a transporter.
  9206 | Gauntlet | Found a transporter.
  9221 | Gauntlet | Found a transporter.
  9221 | Gauntlet | Noticed a hell hog
  9233 | Gauntlet | Found a transporter.
  9239 | Gauntlet | Found a transporter.
  9239 | Gauntlet | Found a transporter.
  9254 | Gauntlet | Found a transporter.
  9260 | Gauntlet | Found a transporter.
  9299 | Gauntlet | Found a transporter.
  9301 | Gauntlet | Found a runed translucent gate.
  9301 | Gauntlet | Found a runed translucent gate.
  9301 | Gauntlet | Found a runed translucent gate.
  9309 | Gauntlet | Found a large runed translucent door.
  9309 | Gauntlet | Found a large runed translucent door.
  9309 | Gauntlet | Found a large runed translucent door.
  9309 | Gauntlet | Found a large runed translucent door.
  9310 | Gauntlet | Found a large runed translucent door.
  9310 | Gauntlet | Found a large runed translucent door.
  9311 | Gauntlet | Found a large runed translucent door.
  9311 | Gauntlet | Found a large runed translucent door.
  9312 | Gauntlet | Found a large runed translucent door.
  9312 | Gauntlet | Found a large runed translucent door.
  9312 | Gauntlet | Found a runed translucent door.
  9312 | Gauntlet | Found a runed translucent door.
  9313 | Gauntlet | Found a large runed translucent door.
  9314 | Gauntlet | Found a large runed translucent door.
  9323 | Gauntlet | Found a large runed translucent door.
  9323 | Gauntlet | Found a large runed translucent door.
  9324 | Gauntlet | Found a large runed translucent door.
  9325 | Gauntlet | Found a large runed translucent door.
  9325 | Gauntlet | Found a transporter.
  9327 | Gauntlet | Found a transporter.
  9347 | Gauntlet | Found a transporter.
  9940 | Gauntlet | Got an ichor-stained hat
 10022 | Gauntlet | Identified the +2 hat "Doshrio Usig" {MR+ Int+2 Dex+4} (You
                  | found it in a Gauntlet)
 10031 | Gauntlet | Identified the ring of the Two Names {rF+ rC+ MR+ Str+2
                  | Stlth-}
 10031 | Gauntlet | Noticed a minotaur
 10041 | Gauntlet | Killed a minotaur
 10043 | Gauntlet | Found the +4 skin of Zhor {Hibernate rC+++ SInv}
 10210 | D:13     | Reached skill level 8 in Fighting
 10277 | D:13     | Reached skill level 1 in Evocations
 10411 | D:13     | Noticed a centaur warrior
 10415 | D:13     | Noticed a two-headed ogre
 10417 | D:13     | Noticed a two-headed ogre
 10417 | D:13     | Noticed a centaur warrior
 10772 | D:13     | Noticed a centaur warrior
 10775 | D:13     | Noticed a centaur warrior
 10803 | D:13     | Reached skill level 10 in Shields
 11078 | D:7      | Killed casual's ghost
 11078 | D:7      | Reached skill level 10 in Polearms
 11112 | D:7      | Got a bound crystal amulet
 11115 | D:7      | Identified the amulet "Xarix" {Inacc MR+} (You found it on
                  | level 7 of the Dungeon)
 11269 | Lair:1   | Entered Level 1 of the Lair of Beasts
 11308 | Lair:1   | Reached XP level 13. HP: 91/91 MP: 12/14
 11394 | Lair:1   | Reached skill level 1 in Conjurations
 11394 | Lair:1   | Reached skill level 1 in Fire Magic
 11637 | Lair:1   | Reached skill level 1 in Spellcasting
 11806 | Lair:1   | Found a runed translucent door.
 11807 | Lair:1   | Noticed skk's ghost (journeyman GrFi)
 12007 | Lair:2   | Found a staircase to the Snake Pit.
 12858 | Lair:3   | Found a staircase to the Swamp.
 14207 | Lair:4   | Learned a level 6 spell: Statue Form
 14404 | Lair:4   | Reached skill level 9 in Fighting
 14745 | Lair:5   | Found a staircase to the Slime Pits.
 15072 | D:13     | Reached XP level 14. HP: 60/99 MP: 1/20
 15089 | D:13     | Reached skill level 5 in Conjurations
 15366 | D:14     | Reached skill level 5 in Spellcasting
 15366 | D:14     | Reached skill level 5 in Fire Magic
 16596 | D:14     | Found a gate to the Vaults.
 17018 | D:15     | Entered Level 15 of the Dungeon
 17038 | D:15     | Found a transporter.
 17053 | D:15     | Noticed Doofuf's ghost (journeyman DsWn)
 17070 | D:15     | Reached skill level 1 in Transmutations
 17070 | D:15     | Reached skill level 1 in Earth Magic
 17148 | D:15     | Identified the +5 scimitar of Foolhardiness {drain, +Fly
                  | rElec rC+}
 17148 | D:15     | Identified the +7 broad axe of Poverty {antimagic, rElec
                  | SInv}
 17156 | D:15     | Found a transporter.
 17159 | D:15     | Found a bloodstained altar of Trog.
 17166 | D:15     | Identified the +9 great sword of Jymmunoja {drain, rPois}
 17474 | D:15     | Found a staircase to the Depths.
 17852 | D:15     | Noticed a fire giant
 17864 | D:15     | Learned a level 1 spell: Confusing Touch
 17874 | D:15     | HP: 2/99 [fire giant/fireball (31)]
 18033 | D:15     | Reached XP level 15. HP: 103/105 MP: 21/24
 18737 | Lair:5   | Reached skill level 10 in Dodging
 19319 | Lair:6   | Entered Level 6 of the Lair of Beasts
 19491 | Lair:6   | Found a runed translucent door.
 19770 | Lair:6   | Noticed ThereIsNoGod's ghost (journeyman OpFi)
 21406 | Orc:1    | Entered Level 1 of the Orcish Mines
 21491 | Orc:2    | Entered Level 2 of the Orcish Mines
 21651 | Orc:2    | Found a staircase to the Elven Halls.
 21742 | Orc:2    | Found a roughly hewn altar of Beogh.
 22718 | Orc:2    | Reached skill level 5 in Earth Magic
 22832 | Orc:2    | Reached skill level 5 in Transmutations
 23364 | Orc:2    | Found Hask's General Store.
 23365 | Orc:2    | Found Kietigheto's Antique Armour Shop.
 23365 | Orc:2    | Found Wegom's Armour Boutique.
 23366 | Orc:2    | Found Japtei's Gadget Shop.
 23378 | Orc:2    | Bought a +2 shield of protection for 365 gold pieces
 23732 | Orc:2    | Bought a lamp of fire for 480 gold pieces
 24341 | Swamp:1  | Entered Level 1 of the Swamp
 24526 | Swamp:1  | Reached XP level 16. HP: 57/112 MP: 26/26
 25606 | Swamp:1  | Learned a level 5 spell: Irradiate
 26018 | Swamp:2  | Found a transporter.
 26020 | Swamp:2  | Found a transporter.
 26020 | Swamp:2  | Identified the +4 broad axe "Foxappa" {elec, Fragile rN+
                  | Int+8}
 26022 | Swamp:2  | Identified the +5 demon whip "Zuomatamm" {elec, MR+}
 26061 | Swamp:2  | Found a bloodstained altar of Trog.
 26441 | Swamp:2  | Noticed Seten Zuar's ghost (journeyman GrBe)
 27682 | Swamp:3  | Noticed a thorn hunter
 27699 | Swamp:3  | Killed a thorn hunter
 28184 | Swamp:3  | Noticed a thorn hunter
 28194 | Swamp:3  | Killed a thorn hunter
 28373 | Swamp:3  | Noticed a thorn hunter
 28389 | Swamp:3  | Killed a thorn hunter
 28795 | Swamp:4  | Entered Level 4 of the Swamp
 28795 | Swamp:4  | Noticed Mara
 28891 | Swamp:4  | Killed Mara
 28990 | Swamp:4  | Noticed Nikola
 29000 | Swamp:4  | Killed Nikola
 29000 | Swamp:4  | Reached XP level 17. HP: 109/117 MP: 29/29
 30344 | Elf:1    | Entered Level 1 of the Elven Halls
 30828 | Elf:1    | Identified the Reference Book on Black Magic
 30964 | Elf:1    | Found a burning altar of Makhleb.
 31403 | Elf:1    | Found Jafuaschul's Magic Scroll Shop.
 31410 | Elf:1    | Bought 2 scrolls of blinking for 240 gold pieces
 31410 | Elf:1    | Bought a scroll of acquirement for 832 gold pieces
 31446 | Elf:1    | Noticed Aizul
 31583 | Elf:1    | Killed Aizul
 32278 | Elf:2    | Found a runed translucent gate.
 32278 | Elf:2    | Found a runed translucent gate.
 32278 | Elf:2    | Found a runed translucent gate.
 32682 | Elf:2    | Found Weskee Obbuwk's Magic Scroll Shop.
 32840 | Elf:3    | Entered Level 3 of the Elven Halls
 33532 | Elf:3    | Reached skill level 15 in Shields
 33564 | Elf:3    | Reached XP level 18. HP: 123/123 MP: 30/30
 34227 | Elf:3    | Identified the +8 chain mail of Tirael {+Blink Dex+3}
 34238 | Elf:3    | Noticed a deep elf master archer
 34250 | Elf:3    | Killed a deep elf master archer
 34425 | Elf:3    | Identified the ring "Mairirij" {rN++ MP+9 Str+4 Dex+5}
 34463 | Elf:3    | Noticed a deep elf master archer
 34477 | Elf:3    | Killed a deep elf master archer
 34779 | Elf:3    | Identified the +5 flail of Anguish {flame, Str+6 Dex+4}
 34792 | Elf:3    | Identified the cursed ring of the Genius {Str-2 Int+5
                  | Stlth+}
 34858 | Elf:3    | Noticed a deep elf blademaster
 34869 | Elf:3    | Killed a deep elf blademaster
 34886 | Elf:3    | Identified the ring of Lady Luck {rPois Stlth+}
 34886 | Elf:3    | Noticed a deep elf blademaster
 34899 | Elf:3    | Killed a deep elf blademaster
 35199 | Elf:3    | Reached skill level 10 in Fighting
 35481 | Elf:3    | Identified the +5 flail "Celojey" {drain, rC+}
 35504 | Elf:3    | Noticed an Ice Fiend
 35876 | Elf:3    | Noticed a Brimstone Fiend
 35898 | Elf:3    | Identified the amulet of Hypan {rElec Regen+ Dex+4}
 35927 | Elf:3    | Identified the Compendium of the Doomed Voyage
 35933 | Elf:3    | Learned a level 3 spell: Regeneration
 36035 | Elf:3    | Identified Naso's Tome of Quantum Sinister Rites
 36385 | Snake:1  | Entered Level 1 of the Snake Pit
 36471 | Snake:1  | Reached skill level 1 in Charms
 36476 | Snake:1  | Reached skill level 1 in Necromancy
 36875 | Snake:1  | Reached XP level 19. HP: 129/130 MP: 32/32
 37039 | Snake:1  | Reached skill level 10 in Transmutations
 37084 | Snake:1  | Learned a level 5 spell: Borgnjor's Vile Clutch
 37231 | Snake:1  | Reached skill level 10 in Earth Magic
 38227 | Snake:2  | Reached skill level 5 in Invocations
 38227 | Snake:2  | Reached XP level 20. HP: 138/138 MP: 33/33
 38385 | Snake:3  | Reached skill level 11 in Fighting
 38853 | Snake:4  | Entered Level 4 of the Snake Pit
 39095 | Snake:4  | Reached skill level 10 in Spellcasting
 39259 | Snake:4  | Learned a level 4 spell: Summon Lightning Spire
 39860 | Snake:4  | Reached skill level 1 in Summonings
 39864 | Snake:4  | Reached skill level 1 in Air Magic
 40378 | Snake:4  | Reached XP level 21. HP: 145/145 MP: 34/35
 40472 | Snake:4  | Learned a level 7 spell: Spellforged Servitor
 40482 | Snake:4  | Got a serpentine rune of Zot
 40876 | Vaults:1 | Entered Level 1 of the Vaults
 41220 | Vaults:1 | Reached skill level 12 in Fighting
 41435 | Vaults:1 | Reached skill level 5 in Summonings
 41675 | Vaults:1 | Noticed Donald
 41765 | Vaults:1 | Killed Donald
 42262 | Vaults:2 | Reached XP level 22. HP: 151/151 MP: 38/38
 42295 | Vaults:2 | Identified the Tome of the Dark Rocks
 43073 | Vaults:2 | Identified the +3 bardiche "Catzenn" {drain, rPois Int+2}
                  | (You acquired it on level 2 of the Vaults)
 43854 | Vaults:3 | Found a staircase to the Crypt.
 43958 | Vaults:3 | Learned a level 7 spell: Orb of Destruction
 44443 | Vaults:3 | Identified the cursed +1 rapier "Ximahisk" {protect, +Blink
                  | rF+ Dex+3} (You found it on level 3 of the Vaults)
 44951 | Vaults:4 | Reached skill level 13 in Fighting
 45066 | Vaults:4 | Reached skill level 10 in Conjurations
 45325 | Vaults:4 | Reached XP level 23. HP: 158/158 MP: 35/41
 45743 | Vaults:4 | Found a hazy altar of Hepliaklqana.
 46014 | Crypt:1  | Entered Level 1 of the Crypt
 46027 | Crypt:1  | Noticed Khufu
 46035 | Crypt:1  | Noticed a greater mummy
 46164 | Crypt:1  | Killed a greater mummy
 46164 | Crypt:1  | Noticed Saint Roka
 46177 | Crypt:1  | Killed Saint Roka
 46767 | Crypt:2  | Learned a level 2 spell: Song of Slaying
 47282 | Crypt:3  | Entered Level 3 of the Crypt
 47411 | Crypt:3  | Found an ancient bone altar of Kikubaaqudgha.
 47439 | Crypt:3  | Noticed an ancient lich
 47463 | Crypt:3  | Killed an ancient lich
 47463 | Crypt:3  | Reached skill level 10 in Summonings
 47690 | Crypt:3  | Identified the Disquisition on Black Magic
 47732 | Crypt:3  | Identified the +4 dagger "Otass" {flame, rElec MP+9 Int+6
                  | Stlth+} (You found it on level 3 of the Crypt)
 47833 | Crypt:3  | Reached skill level 15 in Dodging
 47880 | Crypt:3  | Reached XP level 24. HP: 161/166 MP: 41/41
 47986 | Crypt:3  | Reached skill level 5 in Charms
 48392 | Crypt:3  | Found a staircase to the Tomb.
 48434 | Crypt:3  | Noticed Sojobo
 48445 | Crypt:3  | Killed Sojobo
 48996 | Depths:1 | Entered Level 1 of the Depths
 49044 | Depths:1 | Reached skill level 15 in Spellcasting
 49227 | Depths:1 | Found a gateway to Hell.
 49288 | Depths:1 | Found a one-way gate leading to the halls of Pandemonium.
 49292 | Depths:1 | Reached skill level 14 in Fighting
 49524 | Depths:1 | Identified the +8 short sword of Shame {speed, +Fly rC+
                  | Int-3}
 49801 | Depths:1 | Reached skill level 10 in Short Blades
 49830 | Depths:1 | Found a gateway to a ziggurat.
 50334 | Depths:2 | Found a one-way gate to the infinite horrors of the Abyss.
 50584 | Depths:2 | Paralysed by a floating eye for 2 turns
 50596 | Depths:2 | Paralysed by a floating eye for 2 turns
 50634 | Depths:2 | Noticed a juggernaut
 50643 | Depths:2 | Killed a juggernaut
 50644 | Depths:2 | Identified the +5 dagger "Venaoc" {holy, rElec rN+ SInv}
 50988 | Depths:2 | Reached XP level 25. HP: 135/177 MP: 43/43
 51464 | Depths:3 | Noticed Jory
 51476 | Depths:3 | Killed Jory
 51579 | Depths:3 | Noticed Margery
 51601 | Depths:3 | Killed Margery
 51649 | Depths:3 | Paralysed by a floating eye for 3 turns
 52182 | Depths:3 | Reached skill level 15 in Fighting
 52707 | Elf:1    | Bought a scroll of brand weapon for 320 gold pieces
 53561 | Depths:4 | Noticed Frederick
 53578 | Depths:4 | Killed Frederick
 53801 | Depths:5 | Entered Level 5 of the Depths
 53907 | Depths:5 | Found Mysaus's One-of-a-Kind Books.
 53954 | Depths:5 | Noticed a juggernaut
 53965 | Depths:5 | Killed a juggernaut
 54239 | Depths:5 | Reached skill level 16 in Fighting
 54374 | Depths:5 | Reached XP level 26. HP: 189/189 MP: 39/43
 54529 | Depths:5 | Found a gate to the Realm of Zot.
 54902 | Depths:5 | Learned a level 2 spell: Swiftness
 54906 | Depths:5 | Learned a level 3 spell: Portal Projectile
 55199 | D:11     | Bought a potion of might for 64 gold pieces
 55199 | D:11     | Bought a potion of heal wounds for 80 gold pieces
 55199 | D:11     | Bought a potion of agility for 64 gold pieces
 55199 | D:11     | Bought a potion of cancellation for 128 gold pieces
 55199 | D:11     | Bought a potion of agility for 64 gold pieces
 55199 | D:11     | Bought a potion of agility for 64 gold pieces
 55199 | D:11     | Bought a potion of brilliance for 64 gold pieces
 55331 | Orc:2    | Bought a potion of mutation for 120 gold pieces
 56854 | Vaults:5 | Entered Level 5 of the Vaults
 57505 | Vaults:5 | Reached skill level 17 in Fighting
 57897 | Vaults:5 | Reached skill level 18 in Fighting
 58035 | Vaults:5 | Learned a level 6 spell: Iron Shot
 58101 | Vaults:5 | Got a silver rune of Zot
 58163 | Vaults:5 | Found the +3 sling "Punk" {acid, rCorr}
 58165 | Vaults:5 | Identified the Handbook of Ashen Self-Knowledge
 58329 | Vaults:5 | Identified the cursed +1 rapier "Qirrem" {pierce, Str+4
                  | Dex+4 Stlth+} (You found it on level 5 of the Vaults)
 58530 | Vaults:5 | Got a translucent silver ring
 59490 | Depths:1 | Learned a level 5 spell: Bolt of Magma
 60089 | Swamp:4  | Reached skill level 10 in Invocations
 60160 | Swamp:4  | Got a decaying rune of Zot
 60187 | Swamp:4  | Reached skill level 15 in Conjurations
 60243 | Swamp:4  | Identified the ring "Alyperup" {MP+9 Str+6 Int+4} (You
                  | found it on level 5 of the Vaults)
 60698 | Zot:1    | Entered Level 1 of the Realm of Zot
 60712 | Zot:1    | Reached XP level 27. HP: 202/202 MP: 43/43
 60886 | Zot:1    | Reached skill level 19 in Fighting
 61483 | Zot:2    | You fall into a shaft and drop 2 floors!
 61569 | Zot:3    | HP: 1/207 [death cob (14)]
 61584 | Zot:4    | HP: 7/207 [quicksilver dragon (7)]
 61593 | Zot:4    | Killed from afar by a green draconian scorcher

Levels and vault maps discovered:
D:1:      elethiomel_arrival_quiet, layout_loops_cross
D:2:      layout_basic, nicolae_ru_awakened_eye
D:3:      layout_loops_ring, ebering_ghost_rock_garden, grunt_dithmenos_smoke,
          uniq_ijyb
D:4:      layout_rooms, first_ration, minmay_liquid_box
D:5:      layout_cave_pools
D:6:      layout_basic, minmay_temple_entry_nine_rooms, serial_shops,
          nicolae_shop_statue_plus, cheibrodos_sewer_entry_sluice
D:7:      layout_loops_cross, vehumet_altar_wand_db,
          gammafunk_ghost_berserking_beasts, evilmike_ruin_ashenzari
D:8:      layout_cave_pools, serial_shops, nicolae_shop_waterfront,
          hangedman_ranch [blue_anna_fruit_fields]
D:9:      layout_roguey, lair_entry_dummy, minivault_16, lightli_minifort
D:10:     layout_gridville, ebering_ghost_xom
D:11:     layout_roguey, serial_shops, nicolae_shop_crystal
D:12:     layout_roguey, david_orc_3
D:13:     wad_woods_minihive, layout_cave_pools, gauntlet_entry_generic
D:14:     layout_roguey, david_vaults_5, hangedman_glass_teeth
D:15:     grunt_enter_depths_giant_problem, layout_loops_ring, minivault_24,
          gammafunk_ghost_wrathful_warriors, due_unseen_surprise
Lair:1:   layout_roguey, ebering_ghost_reflecting_pool
Lair:2:   layout_hall_layers, guppyfry_snake_entry_island, minmay_holes
Lair:3:   layout_layer_cave, skrybe_swamp_entry_bodies, serial_bayou_shore_b
Lair:4:   layout_roguey
Lair:5:   layout_roguey [special_room_mythical_zoo],
          nicolae_slime_entry_slimehenge, serial_bayou_shore_a
Lair:6:   gammafunk_lair_ancient_temple, layout_gridlike,
          ebering_ghost_reflecting_pool
Swamp:1:  layout_falls_marsh, evilmike_swamp_ruin_rubble_1
Swamp:2:  layout_basic_swamp, gammafunk_ghost_wrathful_warriors,
          evilmike_swamp_ruin_house_3, swamp_pool5,
          cheibrodos_swamp_pet_leeches, infiniplex_staircase_pool_2
Swamp:3:  layout_falls_marsh, nicolae_swamp_treefoil
Swamp:4:  swamp_basic_johnstein, layout_basic_swamp, uniq_mara, uniq_nikola
Snake:1:  onia_ninara_swampy_vault, layout_cave_pods
Snake:2:  cheibrodos_snake_ritualist_ritual, layout_grid_shapes,
          guppyfry_snake_island
Snake:3:  layout_rooms, st_stairs_9, grunt_ministairs_5
Snake:4:  snake_pit_salamanders_mu, layout_layer_cave, drop_trap
Orc:1:    layout_caves
Orc:2:    st_orc_pillars, layout_diamond_mine, basic_altar
Elf:1:    minmay_the_grid_triangle_9x9_rhombus_thin_mashed
          [minmay_the_grid_triangle_9x9_skeleton,
          minmay_the_grid_triangle_9x9_prize_center,
          minmay_the_grid_triangle_9x9_shrine,
          minmay_the_grid_triangle_9x9_intruding_spiral], layout_geoelf_octagon,
          serial_shops, shop, minmay_elf_necromancy, uniq_aizul
Elf:2:    layout_loops_corners, serial_shops, shop
Elf:3:    grunt_elf_hall_diamonds, layout_gridlike
Vaults:1: nicolae_vaults_shelves_hall, vaults_room_fours, v_misc_29,
          nicolae_vaults_little_squares_4, hangedman_vaults_maws, v_misc_26,
          nicolae_vaults_diagonal_hallway_8, v_misc_22, layout_vaults_omnibox,
          uniq_donald
Vaults:2: hangedman_vaults_capsules, vaults_dpeg_cross,
          ontoclasm_vaults_decontamination, nicolae_vaults_circle_grid_a,
          v_pattern_3, vaults_room_pool, vaults_standard_mumra_x,
          vaults_mumra_minichess, v_misc_19, vaults_room_pool,
          hangedman_vaults_restitches, layout_vaults_big_room
Vaults:3: minmay_crypt_entry_simple_plaza, vaults_dpeg_encased_lava,
          vaults_room_semicircle, hangedman_vaults_cutoff,
          nicolae_vaults_big_angled_halls, vaults_room_fancy_cross,
          nicolae_vaults_border_crossing, vaults_dpeg_diagonal,
          vaults_room_door_ring, layout_vaults_omnigrid
Vaults:4: nicolae_vaults_triangles, nicolae_vaults_big_angled_halls,
          ontoclasm_vaults_loading_screen, nicolae_vaults_big_ls,
          vaults_dpeg_spiral, grunt_vaults_trifunnel, vaults_dpeg_doors,
          nicolae_vaults_little_squares_4, nicolae_vaults_quartermaster,
          vaults_dpeg_hooks, v_misc_9, hangedman_vaults_pinch,
          nicolae_vaults_specimen_jars, vaults_room_semicircle,
          vaults_room_semicircle, layout_vaults_big_cross, basic_altar
Vaults:5
Crypt:1:  layout_rooms, uniq_khufu, uniq_saint_roka
Crypt:2:  layout_chaotic_city
Crypt:3:  church_of_pain_bobbens, layout_chaotic_city,
          nicolae_tomb_entry_grand_gallery, moated_statue, uniq_sojobo
Depths:1: layout_gridlike, enter_ziggurat_e, hell_entry, hangedman_decor_points,
          rand_demon_pan_entry_7, lemuel_another_geyser
Depths:2: grunt_runaround [grunt_runaround_doors_1, grunt_runaround_doors_2,
          grunt_runaround_doors_3, grunt_runaround_doors_4,
          grunt_runaround_loot], hell_entry, abyss_entry, serial_shops
Depths:3: dpeg_oklob_gauntlet, layout_cave_pools, hell_entry,
          grunt_pan_entry_zigzag, minmay_misc_feat_diagonals,
          grunt_ministairs_9, chequers_serial_rivers_micro_c,
          minmay_misc_feat_chi, infiniplex_staircase_river, uniq_margery,
          uniq_jory
Depths:4: hangedman_elemental_death_ray, layout_twisted_cross, hell_entry,
          abyss_entry, hangedman_decor_growths, uniq_frederick
Depths:5: evilmike_zot_entry_round, layout_gridlike,
          minmay_misc_feat_nine_boxes, grunt_hell_horde, nicolae_rare_books
Zot:1:    layout_onion
Zot:2:    layout_misc_corridors, hangedman_zot_decor_slant
Zot:3:    layout_onion_interference, zot_minivault_1, uniq_tiamat
Zot:4:    layout_cathedral_of_symmetry

Skill      XL: |  1  2  3  4  5  6  7  8  9 10 11 12 13 14 15 16 17 18 19 20 21 22 23 24 25 26 27 |
---------------+----------------------------------------------------------------------------------+-----
Stealth        | 2 4 7 8 |  8.2
Polearms       | 3 4 5 6 7 8 10 11 13 14 | 14.0
Fighting       | 4 5 6 7 8 9 10 11 12 13 14 16 18 19 | 19.9
Shields        | 4 5 6 7 8 10 11 12 15 | 15.0
Dodging        | 4 5 6 7 8 9 10 11 12 13 15 | 15.2
Short Blades   | 2 5 7 8 10 | 10.4
Throwing       | 1 3 5 6 7 8 |  8.3
Evocations     | 1 |  1.0
Conjurations   | 4 7 8 10 11 12 14 15 | 15.1
Fire Magic     | 4 6 |  6.0
Spellcasting   | 4 6 7 8 9 10 12 14 16 | 16.0
Transmutations | 3 5 6 8 9 10 | 10.2
Earth Magic    | 2 5 6 8 9 10 | 10.0
Charms         | 1 3 4 6 8 |  8.0
Necromancy     | 1 3 4 |  4.2
Invocations    | 5 7 10 | 10.3
Summonings     | 2 5 8 10 11 12 | 12.5
Air Magic      | 2 4 |  4.0
Axes           | |  0.1

Action                   |  1- 3 |  4- 6 |  7- 9 | 10-12 | 13-15 | 16-18 | 19-21 | 22-24 | 25-27 || total
-------------------------+-------+-------+-------+-------+-------+-------+-------+-------+-------++-------
Melee: Trident           |    80 |   122 |   209 |   280 |   971 |   871 |   684 |   757 |   762 ||  4736
       Constrict         |    18 |    21 |    75 |    78 |   135 |   113 |    86 |   176 |    79 ||   781
       Tentacles         |     8 |    19 |    72 |   145 |   259 |   281 |   210 |   451 |   276 ||  1721
       Dagger            |       |     4 |   131 |   310 |    23 |     5 |       |       |       ||   473
       Hand axe          |       |       |       |     4 |     5 |       |       |       |       ||     9
       Peck              |       |       |       |   113 |   258 |   282 |   223 |   460 |   287 ||  1623
       Rapier            |       |       |       |       |       |    94 |    87 |   502 |    36 ||   719
Throw: Dart              |       |       |    24 |    60 |   359 |    90 |       |       |       ||   533
       Boomerang         |       |       |     2 |     1 |    49 |    45 |    79 |    75 |    26 ||   277
       Javelin           |       |       |       |       |    11 |       |       |       |     3 ||    14
 Cast: Conjure Flame     |       |       |       |       |    31 |    19 |     3 |     1 |       ||    54
       Confusing Touch   |       |       |       |       |     1 |       |       |       |       ||     1
       Statue Form       |       |       |       |       |       |     3 |    25 |    57 |    31 ||   116
       Summon Lightning  |       |       |       |       |       |       |    46 |    73 |    28 ||   147
       Regeneration      |       |       |       |       |       |       |    19 |    48 |    37 ||   104
       Borgnjor's Vile C |       |       |       |       |       |       |    14 |    39 |    20 ||    73
       Irradiate         |       |       |       |       |       |       |     2 |     4 |     4 ||    10
       Song of Slaying   |       |       |       |       |       |       |       |    31 |    36 ||    67
       Spellforged Servi |       |       |       |       |       |       |       |       |    11 ||    11
       Orb of Destructio |       |       |       |       |       |       |       |       |     1 ||     1
Invok: Shadow Step       |       |       |       |     1 |       |     1 |       |       |       ||     2
       Shadow Form       |       |       |       |       |       |       |       |       |     1 ||     1
 Abil: End Transformatio |       |       |       |       |       |       |       |       |     1 ||     1
Evoke: Box of beasts     |       |       |       |     1 |       |       |       |       |       ||     1
       Wand              |       |       |       |     4 |    14 |     2 |       |     1 |     1 ||    22
       Lamp of fire      |       |       |       |       |       |     2 |       |       |     1 ||     3
  Use: Scroll            |       |       |    16 |    12 |    10 |    15 |     4 |     6 |    13 ||    76
       Potion            |       |       |     4 |     6 |     3 |     3 |     1 |     2 |    10 ||    29
 Stab: Sleeping          |    12 |    14 |    15 |    32 |    32 |    51 |    33 |    57 |    12 ||   258
       Distracted        |       |     1 |       |     4 |     8 |     5 |    19 |    33 |    24 ||    94
       Invisible         |       |       |       |    12 |       |       |       |       |       ||    12
       Confused          |       |       |       |       |       |     5 |       |       |       ||     5
  Eat: Chunk             |       |     5 |    11 |    15 |    34 |    28 |    21 |    35 |    25 ||   174
       Ration            |       |       |       |     1 |     3 |     4 |     3 |     5 |     7 ||    23
Armor: Skin              |     6 |     4 |     7 |    13 |    12 |    30 |   108 |   228 |   130 ||   538
Dodge: Dodged            |    25 |    29 |   155 |   260 |   224 |   237 |   402 |   906 |   590 ||  2828
Block: Shield            |    25 |    33 |   152 |   265 |   333 |   466 |   722 |  1336 |   770 ||  4102
       Reflection        |       |       |       |       |    15 |    49 |   112 |    90 |    79 ||   345

Table legend:
 A = Non-vault XP
 B = Vault XP
 C = Vault XP percentage of total XP
 D = Non-vault monster count
 E = Vault monster count
 F = Vault count percentage of total count
                 A         B        C        D         E       F
            +---------+---------+-------+---------+---------+-------
      Total |  633803 |  596392 |  48.5 |    1465 |     898 |  38.0
            +---------+---------+-------+---------+---------+-------
        D:1 |      39 |       0 |   0.0 |      22 |       0 |   0.0
        D:2 |      58 |       0 |   0.0 |      24 |       0 |   0.0
        D:3 |     126 |      35 |  21.7 |      28 |       1 |   3.4
        D:4 |     478 |       0 |   0.0 |      15 |       0 |   0.0
        D:5 |     427 |       0 |   0.0 |      20 |       0 |   0.0
        D:6 |     995 |       9 |   0.9 |      23 |       3 |  11.5
        D:7 |    1393 |    2181 |  61.0 |      23 |      11 |  32.4
        D:8 |     927 |    2165 |  70.0 |      31 |       8 |  20.5
        D:9 |    2393 |     565 |  19.1 |      28 |       1 |   3.4
       D:10 |    1830 |       0 |   0.0 |      24 |       0 |   0.0
       D:11 |    2402 |       0 |   0.0 |      12 |       0 |   0.0
       D:12 |    3544 |     454 |  11.4 |      40 |      10 |  20.0
       D:13 |    3768 |   11792 |  75.8 |      32 |      59 |  64.8
       D:14 |   11377 |    5584 |  32.9 |      29 |      13 |  31.0
       D:15 |   10382 |    4422 |  29.9 |      36 |       5 |  12.2
     Lair:1 |    2854 |       0 |   0.0 |      16 |       0 |   0.0
     Lair:2 |    3349 |     306 |   8.4 |      24 |       2 |   7.7
     Lair:3 |    1161 |     520 |  30.9 |       4 |       2 |  33.3
     Lair:4 |    8048 |       0 |   0.0 |      39 |       0 |   0.0
     Lair:5 |    2635 |    7803 |  74.8 |      11 |      27 |  71.1
     Lair:6 |    4372 |    9981 |  69.5 |      23 |      28 |  54.9
    Swamp:1 |    8954 |       0 |   0.0 |      24 |       0 |   0.0
    Swamp:2 |   10266 |    1152 |  10.1 |      19 |       6 |  24.0
    Swamp:3 |   21305 |       0 |   0.0 |      44 |       0 |   0.0
    Swamp:4 |   15788 |   29878 |  65.4 |      36 |      34 |  48.6
    Snake:1 |   16190 |    4153 |  20.4 |      36 |       9 |  20.0
    Snake:2 |   11014 |    7305 |  39.9 |      26 |      10 |  27.8
    Snake:3 |   19186 |    1821 |   8.7 |      37 |       3 |   7.5
    Snake:4 |   17104 |   45177 |  72.5 |      32 |      70 |  68.6
      Orc:1 |    1582 |       0 |   0.0 |      11 |       0 |   0.0
      Orc:2 |    2482 |   11183 |  81.8 |      49 |      65 |  57.0
      Elf:1 |    2954 |   16376 |  84.7 |       5 |      25 |  83.3
      Elf:2 |   13099 |    2730 |  17.2 |      23 |       3 |  11.5
      Elf:3 |   24295 |   44560 |  64.7 |      36 |      31 |  46.3
   Vaults:1 |   46669 |    9461 |  16.9 |      82 |      11 |  11.8
   Vaults:2 |   47204 |   17843 |  27.4 |      83 |      30 |  26.5
   Vaults:3 |   21782 |    9682 |  30.8 |      36 |      14 |  28.0
   Vaults:4 |   31774 |   43522 |  57.8 |      53 |      66 |  55.5
   Vaults:5 |   27903 |   80737 |  74.3 |      41 |      64 |  61.0
    Crypt:1 |   14116 |   11154 |  44.1 |      19 |      15 |  44.1
    Crypt:2 |   27700 |       0 |   0.0 |      42 |       0 |   0.0
    Crypt:3 |   18671 |   69942 |  78.9 |      33 |      83 |  71.6
   Depths:1 |   25536 |    2792 |   9.9 |      48 |       5 |   9.4
   Depths:2 |    1130 |   71426 |  98.4 |       2 |      82 |  97.6
   Depths:3 |   26146 |   29691 |  53.2 |      43 |      35 |  44.9
   Depths:4 |   14233 |   11346 |  44.4 |      18 |      13 |  41.9
   Depths:5 |   45472 |   24739 |  35.2 |      43 |      19 |  30.6
      Zot:1 |   27644 |       0 |   0.0 |      18 |       0 |   0.0
      Zot:2 |   17804 |       0 |   0.0 |      11 |       0 |   0.0
      Zot:3 |    6501 |       0 |   0.0 |       5 |       0 |   0.0
      Zot:4 |    6741 |       0 |   0.0 |       6 |       0 |   0.0
      Sewer |       0 |     142 | 100.0 |       0 |      24 | 100.0
   Gauntlet |       0 |    3763 | 100.0 |       0 |      11 | 100.0
            +---------+---------+-------+---------+---------+-------
